 Dungeon Crawl Stone Soup version 0.31-a0-1074-g0b22e4e0f1 (webtiles) character file.

Game seed: 5990621422108658721

1360 DApurpleWHUMPUS the Thaumaturge (level 8, -6/41 HPs)
             Began as a Deep Elf Summoner on Dec 8, 2023.
             Was an Initiate of Sif Muna.
             Killed from afar by a steam dragon (23 damage)
             ... with a ball of steam
             ... on level 6 of the Dungeon on Dec 9, 2023.
             The game lasted 00:17:28 (4242 turns).

DApurpleWHUMPUS the Thaumaturge (Deep Elf Summoner) Turns: 4242, Time: 00:17:29

Health: -6/41      AC:  8    Str:  8    XL:     8   Next: 37%
Magic:  21/23      EV: 12    Int: 23    God:    Sif Muna [......]
Gold:   192        SH:  0    Dex: 15    Spells: 20/26 levels left

rFire   . . .        u - +2 dagger (elec)
rCold   + . .        (no shield)
rNeg    . . .        t - +3 leather armour "Tonippuu" {Str+3}
rPois   .            (no helmet)
rElec   .            (no cloak)
rCorr   +            (no gloves)
SInv    .            j - +1 pair of boots
Will    .....        l - amulet of magic regeneration
Stlth   ++           e - ring of protection from cold
HPRegen 0.26/turn    y - ring of resist corrosion
MPRegen 0.58/turn

%: no passive effects
@: no status effects
A: no striking features
a: Renounce Religion


You were on level 6 of the Dungeon.
You worshipped Sif Muna.
Sif Muna was noncommittal.
You visited 1 branch of the dungeon, and saw 6 of its levels.

You collected 192 gold pieces.

Inventory:

Hand Weapons
 u - a +2 dagger of electrocution (weapon)
Armour
 a - a +0 robe
 j - a +1 pair of boots (worn)
 t - the +3 leather armour "Tonippuu" (worn) {Str+3}
   (You found it on level 3 of the Dungeon)

   Str+3:     It affects your strength (+3).
Jewellery
 e - a ring of protection from cold (left hand)
 l - an amulet of magic regeneration (around neck)
 y - a ring of resist corrosion (right hand)
 A - a ring of protection from cold
Wands
 n - a wand of roots (9)
 w - a wand of flame (10)
Scrolls
 c - 2 scrolls of poison {unknown}
 d - a scroll of vulnerability {unknown}
 f - a scroll of torment {unknown}
 h - 2 scrolls of revelation {unknown}
 i - 2 scrolls of teleportation {unknown}
 k - 6 scrolls of identify {unknown}
 m - a scroll of enchant armour {unknown}
 s - a scroll of fog {unknown}
 v - a scroll of enchant weapon {unknown}
 z - a scroll of amnesia {unknown}
 B - a scroll of noise {unknown}
Potions
 b - a potion of magic
 g - 2 potions of heal wounds {unknown}
 p - 3 potions of ambrosia {unknown}
 q - a potion of attraction {unknown}
 r - 2 potions of degeneration {unknown}
 x - a potion of might {unknown}


   Skills:
 - Level 3.0 Dodging
 - Level 3.1 Stealth
 + Level 9.7 Spellcasting
 + Level 9.0 Summonings


You had 20 spell levels left.
You knew the following spells:

 Your Spells              Type           Power      Damage    Failure   Level
a - Summon Small Mammal   Summ           100%       N/A       1%          1
b - Call Imp              Summ           100%       N/A       1%          2
c - Call Canine Familiar  Summ           51%        N/A       1%          3

Your spell library contained the following spells:

 Spells                   Type           Power      Damage    Failure   Level
 Summon Guardian Golem    Hex/Summ       31%        N/A       4%          3
 Apportation              Tloc           22%        N/A       9%          1
 Necrotise                Necr           44%        1d6       9%          1
 Ensorcelled Hibernation  Hex/Ice        22%        N/A       13%         2
 Passwall                 Tmut/Erth      9%         N/A       13%         2
 Summon Lightning Spire   Summ/Air       31%        N/A       13%         4
 Swiftness                Air            11%        N/A       26%         3
 Orb of Destruction       Conj           5%         9d5       100%        7
 Spellforged Servitor     Conj/Summ      15%        N/A       100%        7


Dungeon Overview and Level Annotations

Branches:
Dungeon (6/15)
 Temple: D:4-7

Altars:
Fedhas
Sif Muna
Xom
Yredelemnul

Shops:
D:1 [   D:4 !


Message History

Casting: Call Imp (safe; 1% risk of failure)
Confirm with . or Enter, or press ? or * to list all spells.
Casting: Summon Small Mammal (safe; 1% risk of failure)
Confirm with . or Enter, or press ? or * to list all spells.
You open the door.
The steam dragon hisses angrily.
Your cerulean imp misses the steam dragon.
The steam dragon breathes steam at you.
The ball of steam hits your cerulean imp!
Your cerulean imp dies!
Your cerulean imp disappears in a puff of smoke!
The ball of steam hits your wolf! The ball of steam hits you!
Your wolf is engulfed in a cloud of scalding steam.
You swap places.
You are engulfed in a cloud of scalding steam.
Your wolf is engulfed in a cloud of scalding steam.
Your wolf dies!
Your wolf's corpse disappears in a puff of smoke!
The steam dragon bites your rat.
The steam dragon closely misses your rat.
Unknown command.
Your quokka bites the steam dragon but does no damage.
Your rat barely misses the steam dragon.
Casting: Summon Small Mammal (safe; 1% risk of failure)
Confirm with . or Enter, or press ? or * to list all spells.
Okay, then.
Casting: Summon Small Mammal (safe; 1% risk of failure)
Confirm with . or Enter, or press ? or * to list all spells.
Your quokka bites the steam dragon but does no damage.
The steam dragon bites you.
The steam dragon claws you but does no damage.
Your rat bites the steam dragon.
Your quokka closely misses the steam dragon.
Unknown command.
You barely miss the steam dragon.
The steam dragon is lightly wounded.
The steam dragon breathes steam at you. The ball of steam hits you!!
Ouch! That really hurt!
You die...

.........#...#
.........#...#
.........'...#
+###.....#...#
#.....#...#
#.....#..>####+######
#.....#..r#r.........
#.....#.§.D......§...
#.....#.h@#§.........
#.....#...#..........
#...#..........
#+#############


You could see a steam dragon (catching breath, ally target), a friendly wolf
(summoned), a friendly quokka (summoned) and a friendly rat (summoned).

Vanquished Creatures
  A water moccasin (D:4)
  A dart slug (D:2)
  An orc (D:4)
  A giant cockroach (D:2)
  A ball python (D:3)
  A bat (D:3)
6 creatures vanquished.

Vanquished Creatures (collateral kills)
  Grinder (D:3)
  Sigmund (D:4)
  A human (D:3)
  Edmund (D:5)
  An ogre (D:5)
  A centaur (D:5)
  A phantom (D:6)
  A scorpion (D:5)
  A hound (D:5)
  2 orc priests (D:5)
  An iguana (D:5)
  2 orc wizards
  A human skeleton (D:3)
  Natasha (thrice) (D:3)
  Robin (D:3)
  2 adders
  A white imp (D:6)
  A worm (D:2)
  2 dart slugs
  3 orcs
  9 ball pythons
  6 endoplasms
  5 giant cockroaches
  13 goblins
  5 hobgoblins
  2 jackals (D:1)
  7 kobolds
  4 quokkas
  4 bats
  6 frilled lizards
  4 rats
93 creatures vanquished.

Grand Total: 99 creatures vanquished

Notes
Turn   | Place    | Note
-------+----------+-------------------------------------------
     0 | D:1      | DApurpleWHUMPUS the Deep Elf Summoner began the quest for
                  | the Orb.
     0 | D:1      | Reached XP level 1. HP: 10/10 MP: 6/6
   301 | D:1      | Reached XP level 2. HP: 15/15 MP: 6/8
   653 | D:1      | Found Xizougg's Antique Armour Boutique.
  1036 | D:2      | Reached XP level 3. HP: 7/19 MP: 8/10
  1530 | D:2      | Learned a level 2 spell: Call Imp
  1534 | D:2      | Learned a level 3 spell: Call Canine Familiar
  1583 | D:2      | Found a faded altar of an unknown god.
  1714 | D:3      | Noticed Robin
  2007 | D:3      | Found a runed translucent door.
  2027 | D:3      | Reached skill level 5 in Summonings
  2027 | D:3      | Reached XP level 4. HP: 24/24 MP: 12/12
  2027 | D:3      | Noticed a human
  2033 | D:3      | Noticed Natasha
  2044 | D:3      | Killed Natasha
  2055 | D:3      | Noticed Grinder
  2073 | D:3      | Paralysed by Grinder for 3 turns
  2091 | D:3      | Killed Grinder
  2092 | D:3      | Reached XP level 5. HP: 12/28 MP: 11/15
  2092 | D:3      | Reached XP level 6. HP: 14/32 MP: 12/17
  2318 | D:3      | Noticed Natasha
  2325 | D:3      | Killed Natasha
  2339 | D:3      | Killed Robin
  2539 | D:3      | Found a shimmering altar of Xom.
  2570 | D:3      | Identified the +3 leather armour "Tonippuu" {Str+3}
  2749 | D:3      | Noticed Natasha
  2762 | D:3      | Killed Natasha
  2840 | D:3      | Found a basalt altar of Yredelemnul.
  2897 | D:3      | Killed a human
  2898 | D:3      | Reached XP level 7. HP: 36/36 MP: 17/19
  3101 | D:4      | Noticed Sigmund
  3111 | D:4      | Killed Sigmund
  3214 | D:4      | Found Norghecoh's Distillery.
  3232 | D:4      | You fall into a shaft and drop 1 floor!
  3232 | D:5      | Entered Level 5 of the Dungeon
  3262 | D:5      | Noticed Edmund
  3287 | D:5      | Killed Edmund
  3372 | D:5      | Reached XP level 8. HP: 40/41 MP: 22/22
  3524 | D:5      | Found a blossoming altar of Fedhas.
  3587 | D:5      | Found a shimmering blue altar of Sif Muna.
  3590 | D:5      | Became a worshipper of Sif Muna the Loreminder
  3640 | D:5      | HP: 2/41 [centaur/arrow (10)]
  4242 | D:6      | Killed from afar by a steam dragon

Illustrated notes

Levels and vault maps discovered:
D:1:      mrwooster_arrival_statue, layout_basic, serial_shops,
          nicolae_shop_tiny_waterfront
D:2:      layout_rooms, hellmonk_ecumenical_altar_inner_sanctum
D:3:      minmay_door_path, layout_rooms, tgw_xom, dk_yredelemnul_ordeal,
          uniq_grinder, uniq_robin, uniq_natasha
D:4:      layout_rooms, serial_shops, nicolae_shop_back_alley_shop, uniq_sigmund
D:5:      layout_rooms, lemuel_blue_sif_altar, general_overflow_altar,
          serial_curves, eino_curves_04, eino_curves_01, eino_curves_04,
          kennysheep_generic_room_3, uniq_edmund
D:6:      layout_gridville, pdpol_wu_jian_five_deadly_venoms, uniq_duvessa

Skill      XL: |  1  2  3  4  5  6  7  8 |
---------------+-------------------------+-----
Stealth        | 3 |  3.1
Dodging        | 3 |  3.0
Spellcasting   | 4 6 7 8 9 |  9.7
Summonings     | 5 6 7 8 9 |  9.0

Action                     |  1- 3 |  4- 6 |  7- 9 || total
---------------------------+-------+-------+-------++-------
  Melee: Unarmed           |    37 |       |       ||    37
         Punch             |     2 |       |       ||     2
         Dagger            |       |     6 |    11 ||    17
   Cast: Summon Small Mamm |    68 |     6 |    22 ||    96
         Call Imp          |     3 |     8 |    11 ||    22
         Call Canine Famil |     1 |    15 |    17 ||    33
    Use: Potion            |       |       |     2 ||     2
 Armour: Robe              |    64 |     8 |       ||    72
         Leather armour    |       |     9 |    36 ||    45
  Dodge: Dodged            |    88 |    18 |    13 ||   119

Table legend: (Time is in decaauts)
 A = Elapsed time spent in this place.
 B = Non-inter-level travel time spent in this place.
 C = Inter-level travel time spent in this place.
 D = Time resting spent in this place.
 E = Time spent auto-exploring this place.
 F = Levels seen in this place.
 G = Mean time per level.
                   A        B        C        D        E       F      G
               +--------+--------+--------+--------+--------+-----+--------+
         Total |   4244 |   4148 |     96 |    738 |   2079 |   6 |  707.3 |
       Dungeon |   4244 |   4148 |     96 |    738 |   2079 |   6 |  707.3 |
               +--------+--------+--------+--------+--------+-----+--------+

Top non-repeatable levels by time:
     D:2: 1019 daAuts
     D:3: 985 daAuts
     D:1: 925 daAuts
     D:5: 841 daAuts
     D:4: 304 daAuts
     D:6: 167 daAuts
